 Dungeon Crawl Stone Soup version 0.28-a0-239-g68911e0c57 (webtiles) character file.

Game seed: 1367175702711256064

4464 PentaManta the Severer (level 10, 0/83 HPs)
             Began as a Minotaur Berserker on Aug 23, 2021.
             Was a Priest of Trog.
             Slain by an orc warrior (9 damage)
             ... on level 9 of the Dungeon.
             The game lasted 00:14:30 (9767 turns).

PentaManta the Severer (Minotaur Berserker)         Turns: 9767, Time: 00:14:30

Health: 0/83       AC: 11    Str: 36    XL:     10   Next: 15%
Magic:  9/9        EV: 12    Int:  4    God:    Trog [***...]
Gold:   334        SH:  0    Dex: 11    Spells: 9/9 levels left

rFire   . . .      SeeInvis .   y - +0 broad axe
rCold   + . .      Faith    .   (no shield)
rNeg    . . .      Spirit   .   p - +3 scale mail {rC+}
rPois   .          Reflect  .   (helmet restricted)
rElec   .          Harm     .   (no cloak)
rCorr   .          Rampage  .   c - +0 pair of gloves
Will    .....                   (no boots)
Stlth   ..........              (no amulet)
HPRegen 0.23/turn               B - +6 ring of strength
MPRegen 0.11/turn               n - +6 ring of strength

@: lethally poisoned (0 -> -28), slowed, very slow
A: horns 2, retaliatory headbutt
a: Renounce Religion, Berserk, Trog's Hand


You were on level 9 of the Dungeon.
You worshipped Trog.
Trog was most pleased with you.
You visited 2 branches of the dungeon, and saw 10 of its levels.

You collected 334 gold pieces.

Inventory:

Hand Weapons
 w - a +0 scimitar of flaming
 y - a +0 broad axe (weapon)
 J - a +4 hand axe
 K - a +2 trident of freezing
 O - a +1 dagger of venom
Missiles
 f - 9 poisoned darts (quivered)
 v - 6 throwing nets
Armour
 c - a +0 pair of gloves (worn)
 p - a +3 scale mail of cold resistance (worn)
 N - a +0 plate armour
Jewellery
 h - a ring of willpower
 m - a ring of protection from fire
 n - a +6 ring of strength (right hand)
 x - a ring of flight
 B - a +6 ring of strength (left hand)
 F - a ring of poison resistance
Wands
 u - a wand of paralysis (11)
 G - a wand of polymorph (3)
Scrolls
 a - a scroll of immolation {unknown}
 b - 2 scrolls of noise {unknown}
 d - 6 scrolls of identify {unknown}
 e - 11 scrolls of teleportation {unknown}
 g - a scroll of acquirement {unknown}
 i - a scroll of amnesia {unknown}
 k - 2 scrolls of fog {unknown}
 t - a scroll of blinking {unknown}
 D - a scroll of magic mapping {unknown}
 E - a scroll of fear {unknown}
 I - a scroll of summoning {unknown}
 L - a scroll of silence {unknown}
Potions
 j - 2 potions of degeneration {unknown}
 l - a potion of resistance {unknown}
 o - 3 potions of lignification {unknown}
 q - a potion of heal wounds {unknown}
 r - a potion of attraction {unknown}
 s - 7 potions of curing {unknown}
 z - a potion of flight {unknown}
 A - a potion of ambrosia {unknown}
 H - a potion of cancellation {unknown}
 M - 2 potions of brilliance {unknown}


   Skills:
 + Level 5.9 Fighting
 * Level 15.1 Axes
 + Level 5.3 Armour
 + Level 4.8 Dodging


You had 9 spell levels left.
You didn't know any spells.
Your spell library contained the following spells:

 Spells                   Type           Power      Damage    Failure   Level
 Static Discharge         Conj/Air       0%         N/A       83%         2
 Lightning Bolt           Conj/Air       0%         1d11      100%        5
 Maxwell's Capacitive Co  Air            0%         ∞         100%        8


Dungeon Overview and Level Annotations

Branches:
Dungeon (9/15)             Temple (1/1) D:7            Lair (0/6) D:8
    Orc: D:9-12

Altars:
Ashenzari
Cheibriados
Dithmenos
Elyvilon
Fedhas
Gozag
Kikubaaqudgha
Makhleb
Nemelex Xobeh
Okawaru
Qazlal
Sif Muna
Trog
Vehumet
Wu Jian
Xom
Yredelemnul
Zin
The Shining One

Shops:
D:8 (

Annotations:
D:7 1 runed translucent door, RichitheSlayer's ghost, novice MiMo


Innate Abilities, Weirdness & Mutations

You have a pair of horns on your head.
You reflexively headbutt those who attack you in melee.


Message History

You feel sick.
The kobold brigand hits you with a +0 dagger.
The kobold barely misses you. You furiously retaliate!
You headbutt the kobold!
You kill the kobold!
Trog accepts your kill.
The orc warrior hits you from afar with a +0 trident!
The kobold closely misses you.
You barely miss the kobold brigand.
Your headbutt misses the kobold brigand.
The kobold brigand is almost dead.
You slice the kobold!!
You kill the kobold!
Trog accepts your kill.
You feel sick.
The kobold brigand hits you with a +0 dagger.
The orc warrior misses you.
You closely miss the kobold brigand. You headbutt the kobold brigand.
The kobold brigand is almost dead.
You feel sick.
The kobold throws a stone.
The stone barely misses you. The kobold brigand misses you.
The orc warrior hits you from afar with a +0 trident!
Unknown command.
You feel sick.
The kobold brigand throws a curare-tipped dart.
The curare-tipped dart hits you.
You are more poisoned.
You have difficulty breathing.
You feel yourself slow down.
You feel very sick.
The orc priest looks braver for a moment.
The kobold throws a stone.
The stone closely misses you.
You feel very sick.
The orc priest miscasts a cantrip.
The kobold brigand throws a curare-tipped dart.
The curare-tipped dart hits you.
You are lethally poisoned!
You have difficulty breathing.
* * * LOW HITPOINT WARNING * * *
You feel as though you will be slow longer.
The orc warrior hits you from afar with a +0 trident!
You die...

#.....)[).........##..)##
#.......†...########...##
#...........#......#...#.
#...####'####.####.#...#.
#...#.........##...#...#.
#...#.........##.#.'...#
#...##.##.....##+#######
#. #...###.###...# .
+.⌠.@†###...⌠.. #.
#.....K.......# #.
###..Ko>....# ###.)o..###
##)).## #...o.# ....>....
....(......
+.⌠...###...⌠..


You could see an orc warrior, a kobold brigand, an orc priest, an orc and a
kobold.

Vanquished Creatures
  Harold (D:9)
  Pikel (D:4)
  A komodo dragon (D:8)
  Sigmund (D:5)
  A steam dragon (D:8)
  2 ice beasts
  2 orc warriors
  2 sky beasts
  A black bear (D:5)
  3 ogres
  2 necrophages (D:5)
  A lemure (D:5)
  A phantom (D:5)
  Blork the orc (D:4)
  A kobold brigand (D:8)
  3 scorpions
  2 bullfrogs
  3 wights (D:8)
  4 howler monkeys
  An electric eel (D:6)
  A bullfrog zombie (D:6)
  2 centaur zombies
  2 hounds
  4 orc priests
  2 bullfrog skeletons
  A centaur skeleton (D:4)
  2 jellies (D:6)
  3 iguanas
  Ijyb (D:3)
  A scorpion zombie (D:5)
  3 orc wizards (D:9)
  7 gnolls
  4 adders
  2 white imps
  An ufetubus (D:5)
  A worm (D:2)
  4 dart slugs
  11 orcs
  7 bats
  11 endoplasms
  3 giant cockroaches
  9 goblins
  12 hobgoblins
  5 jackals
  3 quokkas
  5 ball pythons
  A frilled lizard (D:1)
  9 kobolds
  8 rats
159 creatures vanquished.

Vanquished Creatures (others)
  An orc wizard (D:9)
  2 fungi (D:1)
  9 plants
12 creatures vanquished.

Grand Total: 171 creatures vanquished

Notes
Turn   | Place    | Note
-------+----------+-------------------------------------------
     0 | D:1      | PentaManta the Minotaur Berserker began the quest for the
                  | Orb.
     0 | D:1      | Reached XP level 1. HP: 19/19 MP: 0/0
    62 | D:1      | Reached skill level 4 in Axes
    81 | D:1      | Reached XP level 2. HP: 21/26 MP: 1/1
   843 | D:1      | Found a faded altar of an unknown god.
   848 | D:1      | Reached skill level 5 in Axes
  1007 | D:1      | Reached XP level 3. HP: 31/31 MP: 2/2
  1317 | D:2      | Reached ** piety under Trog
  1732 | D:3      | Reached skill level 6 in Axes
  1732 | D:3      | Reached XP level 4. HP: 9/39 MP: 3/3
  1976 | D:3      | Found a snail-covered altar of Cheibriados.
  2118 | D:3      | Noticed Ijyb
  2125 | D:3      | Killed Ijyb
  2413 | D:3      | Found a glowing golden altar of the Shining One.
  3027 | D:4      | Reached XP level 5. HP: 32/45 MP: 4/4
  3056 | D:4      | Reached skill level 7 in Axes
  3255 | D:4      | Reached skill level 8 in Axes
  3484 | D:4      | Reached XP level 6. HP: 49/51 MP: 5/5
  3727 | D:4      | Noticed an orc warrior
  3737 | D:4      | Killed an orc warrior
  3738 | D:4      | Reached skill level 9 in Axes
  4168 | D:4      | Noticed Pikel
  4177 | D:5      | Entered Level 5 of the Dungeon
  4186 | D:5      | Reached XP level 7. HP: 36/57 MP: 6/6
  4299 | D:4      | Killed Pikel
  4300 | D:4      | Reached skill level 11 in Axes
  4300 | D:4      | Reached XP level 8. HP: 64/64 MP: 7/7
  4652 | D:4      | Noticed Blork the orc
  4663 | D:4      | Killed Blork the orc
  4840 | D:5      | Reached *** piety under Trog
  4841 | D:5      | Reached skill level 12 in Axes
  5266 | D:5      | Noticed Sigmund
  5268 | D:5      | Reached skill level 13 in Axes
  5272 | D:5      | Killed Sigmund
  6492 | D:6      | Reached XP level 9. HP: 68/68 MP: 8/8
  6574 | D:6      | Reached skill level 14 in Axes
  7656 | D:7      | Found a staircase to the Ecumenical Temple.
  7680 | Temple   | Entered the Ecumenical Temple
  7740 | D:7      | Found an iron altar of Okawaru.
  8078 | D:7      | Found a runed translucent door.
  8081 | D:7      | Noticed RichitheSlayer's ghost (novice MiMo)
  8830 | D:8      | Found a staircase to the Lair.
  8831 | D:8      | Noticed a komodo dragon
  8851 | D:8      | Killed a komodo dragon
  8852 | D:8      | Reached skill level 5 in Fighting
  8915 | D:8      | Noticed Harold
  9250 | D:8      | Found Ragihuf's Weapon Emporium.
  9686 | D:9      | Killed Harold
  9687 | D:9      | Reached skill level 15 in Axes
  9687 | D:9      | Reached skill level 5 in Armour
  9687 | D:9      | Reached XP level 10. HP: 83/83 MP: 9/9
  9767 | D:9      | Slain by an orc warrior

Illustrated notes

Levels and vault maps discovered:
D:1:      dpeg_arrival_stonehenge_8_columns, layout_loops_ring,
          shapermc_ecumenical_altar_mp_urbaneastern, minivault_24
D:2:      layout_rooms
D:3:      layout_basic, mainiacjoe_overflow_small_starburst,
          kennysheep_slug_shrine, minmay_strange_pillars, serial_park_tiny_pond,
          uniq_ijyb
D:4:      layout_gridville, uniq_blork_the_orc, uniq_pikel
D:5:      layout_basic, uniq_sigmund
D:6:      layout_loops_corners, kennysheep_pointless_box, minmay_misc_feat_tiny,
          chequers_avenue, minivault_25
D:7:      layout_gridville, kennysheep_okawaru_gauntlet,
          minmay_temple_entry_tees, ebering_ghost_reflecting_pool,
          serial_co_window_serial, co_window_paths_b, co_window_corner_a,
          co_window_paths_a, co_window_corner_a, co_window_of_opportunity_a,
          co_window_unsneaky_path_d, co_window_corner_b, co_window_broadway_b,
          co_window_of_opportunity_b, co_window_2corner, co_window_2corner,
          co_window_paths_e
D:8:      layout_loops_cross, david_lair_shrubbed, serial_shops,
          nicolae_take_the_stairs, uniq_harold
D:9:      layout_stronghold, grunt_ministairs_13
Temple:   lightli_temple_of_artemis

Skill      XL: |  1  2  3  4  5  6  7  8  9 |
---------------+----------------------------+-----
Axes           | 4 5 6 8 9 11 13 15 | 15.1
Fighting       | 5 |  5.9
Armour         | 5 |  5.3
Dodging        | 4 |  4.8

Action                   |  1- 3 |  4- 6 |  7- 9 | 10-12 || total
-------------------------+-------+-------+-------+-------++-------
Melee: Hand axe          |    58 |    68 |     4 |       ||   130
       Headbutt          |    17 |    32 |    35 |     2 ||    86
       Whip              |    47 |    45 |    22 |       ||   114
       Broad axe         |       |       |   155 |     6 ||   161
Throw: Dart              |       |       |    11 |       ||    11
Invok: Berserk           |     1 |     1 |     4 |       ||     6
 Stab: Sleeping          |     1 |       |       |       ||     1
Armor: Animal skin       |    32 |     2 |       |       ||    34
       Scale mail        |       |    42 |    63 |     2 ||   107
Dodge: Dodged            |    56 |    60 |    76 |     9 ||   201

Table legend: (Time is in decaauts)
 A = Elapsed time spent in this place.
 B = Non-inter-level travel time spent in this place.
 C = Inter-level travel time spent in this place.
 D = Time resting spent in this place.
 E = Time spent auto-exploring this place.
 F = Levels seen in this place.
 G = Mean time per level.
                   A        B        C        D        E       F      G
               +--------+--------+--------+--------+--------+-----+--------+
         Total |   9777 |   9453 |    324 |   1216 |   6825 |  10 |  977.7 |
       Dungeon |   9738 |   9414 |    324 |   1216 |   6825 |   9 | 1082.0 |
        Temple |     39 |     39 |      0 |      0 |      0 |   1 |   39.0 |
               +--------+--------+--------+--------+--------+-----+--------+

Top non-repeatable levels by time:
     D:5: 1675 daAuts
     D:4: 1671 daAuts
     D:3: 1365 daAuts
     D:6: 1083 daAuts
     D:7: 1082 daAuts
     D:1: 1082 daAuts
     D:8: 867 daAuts
     D:2: 581 daAuts
     D:9: 329 daAuts
  Temple: 39 daAuts
